Canucks vs Blues (R2)

Created - 14 novembre 2016 at 20:43

Goals
1 2 3 T
Canucks 0 1 1 2
Blues 1 0 0 1
Shots
1 2 3 T
Canucks 15 5 6 26
Blues 9 16 6 31

1st period

1. Blues , James Neal 3 (Guillaume Latendresse, Alex Pietrangelo) at 8:47 (PP)

Penalties :
Clarke MacArthur (Van) for Holding (Minor) at 8:08, Alex Tanguay (Van) for Roughing (Minor) at 19:40

2nd period

2. Canucks , Matt Stajan 3 (Clarke MacArthur) at 6:10

Penalties :
Nicklas Backstrom (STL) for Cross-checking (Minor) at 7:08, Alex Goligoski (Van) for Roughing (Minor) at 7:27, Martin St. Louis (Van) for Roughing (Minor) at 18:04

3rd period

3. Canucks , Clarke MacArthur 4 (Matt Stajan, Martin St. Louis) at 3:48 (PP)

Penalties :
Guillaume Latendresse (STL) for Roughing (Minor) at 3:12, Taylor Pyatt (STL) for Tripping (Minor) at 5:12, Brendon Nash (Van) for Boarding (Minor) at 7:49, James Neal (STL) for Slashing (Minor) at 11:38, Ben Lovejoy (Van) for Slashing (Minor) at 15:27, Alex Pietrangelo (STL) for High sticking (Minor) at 19:43

Goalie Stats

Carey Price (Van), 30 saves from 31 shots - (0,968), W, 4-4-2, 60:00 minutes
Ilya Bryzgalov (STL), 24 saves from 26 shots - (0,923), L, 1-2-0, 60:00 minutes

Players Stats for Canucks

Player Name              G  A  P  +/- PIM S  H  SB GA TA FO     MP     PP MP  PK MP  
------------------------------------------------------------------------------------
Alex Goligoski           0  0  0   0  2   2  1  1  1  3  0/0    27:06   3:03   5:27 
Alex Tanguay             0  0  0   0  2   1  0  0  0  0  0/0    13:44   0:00   0:50 
Ben Lovejoy              0  0  0   0  2   0  0  2  0  2  0/0    27:11   3:04   4:20 
Brendon Nash             0  0  0   0  2   0  1  0  0  0  0/0    12:15   0:00   1:32 
Clarke MacArthur         1  1  2   1  2   1  1  0  0  0  0/1    15:46   2:27   0:20 
Darren Helm              0  0  0   0  0   0  0  0  0  0  0/0     1:24   0:00   0:14 
Jiri Hudler              0  0  0   0  0   5  1  1  1  0  0/1    14:52   0:00   2:14 
Martin Hanzal            0  0  0   0  0   0  0  0  0  0  0/0     5:47   0:00   0:00 
Martin St. Louis         0  1  1   1  2   2  1  1  0  0  0/2    18:02   2:27   1:54 
Matt Stajan              1  1  2   1  0   3  1  1  1  0  9/14   18:25   2:27   2:33 
Maxim Afinogenov         0  0  0   0  0   3  3  1  0  2  4/9    26:01   2:42   4:35 
Maxim Lapierre           0  0  0   0  0   3  2  0  0  0  5/9    12:23   0:00   0:00 
Mike Ribeiro             0  0  0   0  0   1  1  0  0  0  7/23   22:09   2:42   5:28 
Milan Michalek           0  0  0   0  0   4  1  0  1  0  0/1    15:03   2:42   0:00 
Patrick Eaves            0  0  0   0  0   0  0  0  0  0  0/0     5:47   0:00   0:00 
Ryan Parent              0  0  0   0  0   0  1  1  0  0  0/0    11:39   0:00   0:33 
Sami Lepisto             0  0  0   1  0   1  2  0  0  0  0/0    20:53   2:05   2:48 
Tom Poti                 0  0  0   1  0   0  3  0  0  0  0/0    20:53   2:05   2:48 

Players Stats for Blues

Player Name              G  A  P  +/- PIM S  H  SB GA TA FO     MP     PP MP  PK MP  
------------------------------------------------------------------------------------
Alex Pietrangelo         0  1  1  -1  2   4  1  0  0  0  0/0    24:57   4:59   1:50 
Bryce Lampman            0  0  0  -1  0   0  1  1  0  0  0/0    20:06   0:15   3:19 
Darren Reid              0  0  0   0  0   3  0  0  0  0  0/0    10:34   0:06   0:00 
David Perron             0  0  0  -1  0   3  2  0  1  1  1/3    21:54   5:17   0:50 
Derek Stepan             0  0  0   0  0   0  2  0  0  0  6/7    10:37   0:00   0:09 
Drew Fata                0  0  0   0  0   0  1  0  0  1  0/0    15:36   0:13   3:19 
Guillaume Latendresse    0  1  1   0  2   4  2  0  0  2  0/0    18:03   3:37   1:04 
Jake Gardiner            0  0  0   0  0   2  1  0  1  0  0/0    22:27   4:57   0:00 
James Neal               1  0  1   0  2   2  0  0  0  0  0/0    16:33   3:35   0:00 
Lasse Kukkonen           0  0  0   0  0   2  1  1  0  0  0/0    19:40   3:42   0:00 
Lee Stempniak            0  0  0   0  0   1  3  0  0  0  0/0     6:21   0:02   0:00 
Nicklas Backstrom        0  0  0  -1  2   2  2  0  1  0  13/25  20:47   5:13   0:53 
Nik Antropov             0  0  0   0  0   1  2  0  1  0  4/7     9:35   0:06   3:20 
Paul Kariya              0  0  0   0  0   1  0  0  0  0  0/1    10:36   0:00   0:08 
Sergei Shirokov          0  0  0  -1  0   2  4  0  2  0  3/4    21:11   5:11   0:47 
Taylor Pyatt             0  0  0   0  2   1  0  0  0  0  1/1     8:31   0:00   2:20 
Travis Hamonic           0  0  0   0  0   0  1  0  0  0  0/0    17:13   3:42   1:50 
Travis Zajac             0  0  0   0  0   3  1  0  1  0  7/12   18:25   3:35   0:47 

3 Stars

1 - Carey Price (Van)
2 - Matt Stajan (Van)
3 - Clarke MacArthur (Van)

Power Play

Canucks - 1 on 5 Attempt(s) - 20,00%
Blues - 1 on 6 Attempt(s) - 16,67%

Penalty Kill

Canucks - 5 on 6 Attempt(s) - 83,33% - Score 0 goal in Penalty Kill
Blues - 4 on 5 Attempt(s) - 80,00% - Score 0 goal in Penalty Kill

Team Stat

Canucks - Hits : 19 - Faceoff Wins : 25 - Blocked Shots : 8 - Penalty Minutes : 12
Blues - Hits : 24 - Faceoff Wins : 35 - Blocked Shots : 2 - Penalty Minutes : 10

Official

Referees : Jackson Dave and Ciamaga Chris
Linesman : Michel Cormier and Andy McElman

Game Notes

No Game Note

Finance

Level 1 -- Attendance: 5683 (94,72%) -- Ticket Income 477 372 $
Level 2 -- Attendance: 4384 (87,68%) -- Ticket Income 227 968 $
Level 3 -- Attendance: 1820 (91,00%) -- Ticket Income 54 600 $
Level 4 -- Attendance: 4000 (100,00%) -- Ticket Income 76 000 $
Luxury Box -- Attendance: 809 (80,90%) -- Ticket Income 136 721 $
Game was played at the Scotttrade center.
Total Attendance: 16696 (92,76%)
Total Ticket Income: 972 661 $
Other Income: 145 899 $
Total Income: 1 118 560 $

Canucks

5 vs 5 Forward 
   Center                   Left Wing                Right Wing               Time % Phy DF OF 
 1 Mike Ribeiro             Milan Michalek           Maxim Afinogenov         40     1   2  2  
 2 Matt Stajan              Clarke MacArthur         Martin St. Louis         30     1   2  2  
 3 Maxim Lapierre           Alex Tanguay             Jiri Hudler              20     1   2  2  
 4 Martin Hanzal            Maxim Afinogenov         Patrick Eaves            10     1   2  2  

5 vs 5 Defense 
   Defense                  Defense                                           Time % Phy DF OF 
 1 Alex Goligoski           Ben Lovejoy                                       40     1   2  2  
 2 Tom Poti                 Sami Lepisto                                      30     1   2  2  
 3 Ryan Parent              Brendon Nash                                      20     1   2  2  
 4 Alex Goligoski           Ben Lovejoy                                       10     1   2  2  

PowerPlay Forward 
   Center                   Left Wing                Right Wing               Time % Phy DF OF 
 1 Mike Ribeiro             Milan Michalek           Maxim Afinogenov         60     1   2  2  
 2 Matt Stajan              Clarke MacArthur         Martin St. Louis         40     1   2  2  

PowerPlay Defense
   Defense                  Defense                                           Time % Phy DF OF 
 1 Alex Goligoski           Ben Lovejoy                                       60     1   2  2  
 2 Tom Poti                 Sami Lepisto                                      40     1   2  2  

Penalty Kill 4 Players Forward 
   Center                   Wing                     Time % Phy DF OF 
 1 Maxim Afinogenov         Mike Ribeiro             60     1   2  2  
 2 Martin St. Louis         Matt Stajan              40     1   2  2  

Penalty Kill 4 Players Defense
   Defense                  Defense                  Time % Phy DF OF 
 1 Alex Goligoski           Ben Lovejoy              60     1   2  2  
 2 Tom Poti                 Sami Lepisto             40     1   2  2  

Penalty Kill - 3 Players Forward 
   Forward                                           Time % Phy DF OF 
 1 Maxim Afinogenov                                  60     1   2  2  
 2 Mike Ribeiro                                      40     1   2  2  

Penalty Kill - 3 Players Defense
   Defense                  Defense                  Time % Phy DF OF 
 1 Alex Goligoski           Ben Lovejoy              60     1   2  2  
 2 Tom Poti                 Sami Lepisto             40     1   2  2  

4 vs 4 Forward 
   Center                   Wing                     Time % Phy DF OF 
 1 Maxim Afinogenov         Mike Ribeiro             60     1   2  2  
 2 Martin St. Louis         Matt Stajan              40     1   2  2  

4 vs 4 Defense
   Defense                  Defense                  Time % Phy DF OF 
 1 Alex Goligoski           Ben Lovejoy              60     1   2  2  
 2 Tom Poti                 Sami Lepisto             40     1   2  2  

Last Minutes Offensive
   Center                   Left Wing                Right Wing               Defense                  Defense                  
   Mike Ribeiro             Milan Michalek           Maxim Afinogenov         Alex Goligoski           Ben Lovejoy              

Last Minutes Defensive
   Center                   Left Wing                Right Wing               Defense                  Defense                  
   Mike Ribeiro             Milan Michalek           Maxim Afinogenov         Alex Goligoski           Ben Lovejoy              

Goaltenders
Starting : Carey Price              
Backup : Ray Emery                

Extra Forwards
Normal : Darren Helm, Alex Tanguay, Jiri Hudler - PP : Darren Helm, Alex Tanguay - PK : Jiri Hudler
Extra Defensemen
Normal : Ryan Parent, Brendon Nash, Tom Poti - PP : Ryan Parent - PK : Brendon Nash, Tom Poti
Penalty Shots
Maxim Afinogenov, Mike Ribeiro, Martin St. Louis, Matt Stajan, Milan Michalek

Blues

5 vs 5 Forward 
   Center                   Left Wing                Right Wing               Time % Phy DF OF 
 1 Nicklas Backstrom        David Perron             Sergei Shirokov          40     1   2  2  
 2 Travis Zajac             Guillaume Latendresse    James Neal               30     1   2  2  
 3 Derek Stepan             Paul Kariya              Darren Reid              20     1   2  2  
 4 Nik Antropov             Taylor Pyatt             Lee Stempniak            10     1   2  2  

5 vs 5 Defense 
   Defense                  Defense                                           Time % Phy DF OF 
 1 Bryce Lampman            Alex Pietrangelo                                  40     1   2  2  
 2 Travis Hamonic           Jake Gardiner                                     30     1   2  2  
 3 Drew Fata                Lasse Kukkonen                                    20     1   2  2  
 4 Jake Gardiner            Lasse Kukkonen                                    10     1   2  2  

PowerPlay Forward 
   Center                   Left Wing                Right Wing               Time % Phy DF OF 
 1 Nicklas Backstrom        David Perron             Sergei Shirokov          60     1   2  2  
 2 Travis Zajac             Guillaume Latendresse    James Neal               40     1   2  2  

PowerPlay Defense
   Defense                  Defense                                           Time % Phy DF OF 
 1 Jake Gardiner            Alex Pietrangelo                                  60     1   2  2  
 2 Travis Hamonic           Lasse Kukkonen                                    40     1   2  2  

Penalty Kill 4 Players Forward 
   Center                   Wing                     Time % Phy DF OF 
 1 Nik Antropov             Taylor Pyatt             60     1   2  2  
 2 Travis Zajac             Sergei Shirokov          40     1   2  2  

Penalty Kill 4 Players Defense
   Defense                  Defense                  Time % Phy DF OF 
 1 Bryce Lampman            Drew Fata                60     1   2  2  
 2 Alex Pietrangelo         Travis Hamonic           40     1   2  2  

Penalty Kill - 3 Players Forward 
   Forward                                           Time % Phy DF OF 
 1 Nik Antropov                                      60     1   2  2  
 2 Taylor Pyatt                                      40     1   2  2  

Penalty Kill - 3 Players Defense
   Defense                  Defense                  Time % Phy DF OF 
 1 Bryce Lampman            Jake Gardiner            60     1   2  2  
 2 Alex Pietrangelo         Drew Fata                40     1   2  2  

4 vs 4 Forward 
   Center                   Wing                     Time % Phy DF OF 
 1 Travis Zajac             David Perron             60     1   2  2  
 2 Nicklas Backstrom        Guillaume Latendresse    40     1   2  2  

4 vs 4 Defense
   Defense                  Defense                  Time % Phy DF OF 
 1 Bryce Lampman            Alex Pietrangelo         60     1   2  2  
 2 Drew Fata                Jake Gardiner            40     1   2  2  

Last Minutes Offensive
   Center                   Left Wing                Right Wing               Defense                  Defense                  
   Nicklas Backstrom        David Perron             Sergei Shirokov          Lasse Kukkonen           Alex Pietrangelo         

Last Minutes Defensive
   Center                   Left Wing                Right Wing               Defense                  Defense                  
   Nik Antropov             Guillaume Latendresse    Darren Reid              Bryce Lampman            Drew Fata                

Goaltenders
Starting : Ilya Bryzgalov           
Backup : Tuukka Rask              

Extra Forwards
Normal : Nicklas Backstrom, Sergei Shirokov, Lee Stempniak - PP : Nicklas Backstrom, David Perron - PK : Taylor Pyatt
Extra Defensemen
Normal : Drew Fata, Lasse Kukkonen, Jake Gardiner - PP : Bryce Lampman - PK : Travis Hamonic, Jake Gardiner
Penalty Shots
David Perron, Guillaume Latendresse, Travis Zajac, Nik Antropov, Sergei Shirokov

% Time on Ice - Canucks

Lines # - Real PCT - Wanted PCT - Time Play
Normal Forward
1 - 28% - 40% - 12:10
2 - 30% - 30% - 12:59
3 - 29% - 20% - 12:23
4 - 13% - 10% - 5:47
Normal Defense
1 - 39% - 40% - 16:45
2 - 36% - 30% - 15:27
3 - 23% - 20% - 9:45
4 - 3% - 10% - 1:22
PP Forward
1 - 52% - 60% - 2:42
2 - 48% - 40% - 2:27
PP Defense
1 - 60% - 60% - 3:04
2 - 40% - 40% - 2:05
PK Forward
1 - 71% - 60% - 6:21
2 - 29% - 40% - 2:33
PK Defense
1 - 69% - 60% - 6:06
2 - 31% - 40% - 2:48
PK3 Forward
1 - 0% - 60%
2 - 0% - 40%
PK3 Defense
1 - 0% - 60%
2 - 0% - 40%
44 Forward
1 - 74% - 60% - 1:14
2 - 26% - 40% - 0:26
44 Defense
1 - 67% - 60% - 1:07
2 - 33% - 40% - 0:33
Last Minute Offensive  - 0:00
Last Minute Defensive  - 0:58
Total
Forward - 60:00
Defense - 60:00

% Time on Ice - Blues

Lines # - Real PCT - Wanted PCT - Time Play
Normal Forward
1 - 32% - 40% - 13:49
2 - 30% - 30% - 12:58
3 - 24% - 20% - 10:28
4 - 14% - 10% - 6:08
Normal Defense
1 - 38% - 40% - 16:33
2 - 27% - 30% - 11:41
3 - 26% - 20% - 11:06
4 - 9% - 10% - 4:03
PP Forward
1 - 59% - 60% - 5:17
2 - 41% - 40% - 3:37
PP Defense
1 - 56% - 60% - 4:59
2 - 44% - 40% - 3:55
PK Forward
1 - 85% - 60% - 4:22
2 - 15% - 40% - 0:47
PK Defense
1 - 64% - 60% - 3:19
2 - 36% - 40% - 1:50
PK3 Forward
1 - 0% - 60%
2 - 0% - 40%
PK3 Defense
1 - 0% - 60%
2 - 0% - 40%
44 Forward
1 - 75% - 60% - 1:15
2 - 25% - 40% - 0:25
44 Defense
1 - 65% - 60% - 1:05
2 - 35% - 40% - 0:35
Last Minute Offensive  - 0:54
Last Minute Defensive  - 0:00
Total
Forward - 60:00
Defense - 60:00

Play by Play

1st period


0:01 of 1st period - Mike Ribeiro wins face-off versus Nicklas Backstrom in neutral zone.
0:48 of 1st period - Snap shot by Alex Tanguay.
0:48 of 1st period - Stopped by Ilya Bryzgalov without a rebound.
0:49 of 1st period - Derek Stepan wins face-off versus Maxim Lapierre in Blues zone.
1:00 of 1st period - Snap shot by Derek Stepan.
1:00 of 1st period - Shot Blocked by Jiri Hudler.
1:08 of 1st period - Wrist shot by Maxim Lapierre.
1:08 of 1st period - Stopped by Ilya Bryzgalov with a rebound.
1:32 of 1st period - Snap shot by Maxim Lapierre.
1:32 of 1st period - Stopped by Ilya Bryzgalov without a rebound.
1:33 of 1st period - Nicklas Backstrom wins face-off versus Mike Ribeiro in Blues zone.
2:51 of 1st period - Backhand shot by Taylor Pyatt.
2:51 of 1st period - Shot Blocked by Ben Lovejoy.
4:18 of 1st period - Wrist shot by Jiri Hudler.
4:18 of 1st period - Stopped by Ilya Bryzgalov with a rebound.
4:32 of 1st period - Off-side.
4:33 of 1st period - Derek Stepan wins face-off versus Mike Ribeiro in neutral zone.
4:42 of 1st period - Wrist shot by Maxim Afinogenov.
4:42 of 1st period - Stopped by Ilya Bryzgalov with a rebound.
4:58 of 1st period - Lasse Kukkonen is hit by Martin St. Louis and loses puck.
5:03 of 1st period - Snap shot by Martin St. Louis.
5:03 of 1st period - Stopped by Ilya Bryzgalov without a rebound.
5:04 of 1st period - Matt Stajan wins face-off versus Nicklas Backstrom in Blues zone.
5:04 of 1st period - Matt Stajan is hit by Travis Hamonic.
5:35 of 1st period - Off-side.
5:36 of 1st period - Travis Zajac wins face-off versus Mike Ribeiro in neutral zone.
5:49 of 1st period - Wrist shot by Guillaume Latendresse.
5:49 of 1st period - Stopped by Carey Price with a rebound.
5:51 of 1st period - Wrist shot by Travis Zajac.
5:51 of 1st period - Shot Misses the Net.
5:53 of 1st period - Backhand shot by Travis Zajac.
5:53 of 1st period - Stopped by Carey Price without a rebound.
5:54 of 1st period - Nicklas Backstrom wins face-off versus Matt Stajan in Canucks zone.
5:57 of 1st period - Wrist shot by Sergei Shirokov.
5:57 of 1st period - Shot Blocked by Matt Stajan.
6:21 of 1st period - Maxim Afinogenov is hit by Guillaume Latendresse and loses puck.
6:30 of 1st period - Backhand shot by Milan Michalek.
6:30 of 1st period - Stopped by Ilya Bryzgalov with a rebound.
7:12 of 1st period - Snap shot by Alex Pietrangelo.
7:12 of 1st period - Shot Blocked by Maxim Afinogenov.
7:53 of 1st period - Snap shot by Martin Hanzal.
7:53 of 1st period - Deflect By Maxim Afinogenov.
7:53 of 1st period - Shot Misses the Net.
7:53 of 1st period - Puck is out of play.
7:54 of 1st period - Nicklas Backstrom wins face-off versus Matt Stajan in Blues zone.
8:08 of 1st period - Minor Penalty to Clarke MacArthur for Holding.
8:09 of 1st period - Maxim Afinogenov wins face-off versus Nicklas Backstrom in Canucks zone.
8:29 of 1st period - Wrist shot by Sergei Shirokov.
8:29 of 1st period - Shot Misses the Net.
8:31 of 1st period - Wrist shot by Nicklas Backstrom.
8:31 of 1st period - Stopped by Carey Price with a rebound.
8:47 of 1st period - Wrist shot by James Neal.
8:47 of 1st period - Goal by James Neal - Canucks : 0 - Blues : 1.
8:48 of 1st period - Matt Stajan wins face-off versus Nicklas Backstrom in neutral zone.
9:41 of 1st period - Snap shot by Paul Kariya.
9:41 of 1st period - Shot Misses the Net.
10:01 of 1st period - Slapshot by Matt Stajan.
10:01 of 1st period - Stopped by Ilya Bryzgalov without a rebound.
10:02 of 1st period - Sergei Shirokov wins face-off versus Matt Stajan in Blues zone.
10:02 of 1st period - Sergei Shirokov is hit by Tom Poti.
10:53 of 1st period - Derek Stepan is hit by Alex Goligoski and loses puck.
11:10 of 1st period - Slapshot by Alex Pietrangelo.
11:10 of 1st period - Stopped by Carey Price with a rebound.
11:12 of 1st period - Snap shot by Taylor Pyatt.
11:12 of 1st period - Shot Misses the Net.
11:14 of 1st period - Wrist shot by Nik Antropov.
11:14 of 1st period - Shot Misses the Net.
11:16 of 1st period - Wrist shot by Taylor Pyatt.
11:16 of 1st period - Stopped by Carey Price with a rebound.
11:38 of 1st period - Snap shot by Martin St. Louis.
11:38 of 1st period - Shot Misses the Net.
11:41 of 1st period - Icing by Jake Gardiner.
11:42 of 1st period - Maxim Lapierre wins face-off versus Nicklas Backstrom in Blues zone.
11:47 of 1st period - Snap shot by Alex Tanguay.
11:47 of 1st period - Deflect By Jiri Hudler.
11:47 of 1st period - Stopped by Ilya Bryzgalov without a rebound.
11:48 of 1st period - Maxim Lapierre wins face-off versus Travis Zajac in Blues zone.
11:49 of 1st period - Snap shot by Alex Goligoski.
11:49 of 1st period - Shot Misses the Net.
12:41 of 1st period - Snap shot by Matt Stajan.
12:41 of 1st period - Stopped by Ilya Bryzgalov without a rebound.
12:42 of 1st period - Travis Zajac wins face-off versus Mike Ribeiro in Blues zone.
12:51 of 1st period - Slapshot by Milan Michalek.
12:51 of 1st period - Shot Misses the Net.
12:55 of 1st period - Wrist shot by Mike Ribeiro.
12:55 of 1st period - Stopped by Ilya Bryzgalov without a rebound.
12:56 of 1st period - Nicklas Backstrom wins face-off versus Milan Michalek in Blues zone.
12:56 of 1st period - Nicklas Backstrom is hit by Maxim Afinogenov.
13:06 of 1st period - Snap shot by David Perron.
13:06 of 1st period - Stopped by Carey Price without a rebound.
13:07 of 1st period - Mike Ribeiro wins face-off versus Nicklas Backstrom in Canucks zone.
13:18 of 1st period - Snap shot by Maxim Afinogenov.
13:18 of 1st period - Shot Blocked by Lasse Kukkonen.
15:12 of 1st period - Slapshot by Guillaume Latendresse.
15:12 of 1st period - Stopped by Carey Price without a rebound.
15:13 of 1st period - Mike Ribeiro wins face-off versus Travis Zajac in Canucks zone.
15:18 of 1st period - Jake Gardiner is hit by Mike Ribeiro and loses puck.
15:23 of 1st period - Snap shot by Milan Michalek.
15:23 of 1st period - Shot Misses the Net.
15:25 of 1st period - Slapshot by Alex Goligoski.
15:25 of 1st period - Deflect By Maxim Afinogenov.
15:25 of 1st period - Shot Misses the Net.
15:25 of 1st period - Puck is out of play.
15:26 of 1st period - Nicklas Backstrom wins face-off versus Mike Ribeiro in Blues zone.
15:39 of 1st period - Snap shot by Milan Michalek.
15:39 of 1st period - Shot Misses the Net.
16:10 of 1st period - Icing by Travis Hamonic.
16:11 of 1st period - Derek Stepan wins face-off versus Maxim Lapierre in Blues zone.
16:22 of 1st period - Slapshot by Jiri Hudler.
16:22 of 1st period - Stopped by Ilya Bryzgalov without a rebound.
16:23 of 1st period - David Perron wins face-off versus Mike Ribeiro in Blues zone.
16:53 of 1st period - Off-side.
16:54 of 1st period - Matt Stajan wins face-off versus Travis Zajac in neutral zone.
17:28 of 1st period - Snap shot by Milan Michalek.
17:28 of 1st period - Stopped by Ilya Bryzgalov with a rebound.
17:30 of 1st period - Snap shot by Milan Michalek.
17:30 of 1st period - Stopped by Ilya Bryzgalov without a rebound.
17:31 of 1st period - Derek Stepan wins face-off versus Mike Ribeiro in Blues zone.
18:03 of 1st period - Slapshot by Martin St. Louis.
18:03 of 1st period - Stopped by Ilya Bryzgalov with a rebound.
18:05 of 1st period - Slapshot by Matt Stajan.
18:05 of 1st period - Shot Misses the Net.
18:15 of 1st period - James Neal is hit by Maxim Lapierre and loses puck.
18:33 of 1st period - Travis Hamonic is hit by Jiri Hudler and loses puck.
19:40 of 1st period - Minor Penalty to Alex Tanguay for Roughing.
19:41 of 1st period - Nicklas Backstrom wins face-off versus Maxim Afinogenov in Canucks zone.
19:47 of 1st period - Wrist shot by Nicklas Backstrom.
19:47 of 1st period - Stopped by Carey Price with a rebound.
Goals for this period are 0 for Canucks vs 1 for Blues.
Shots for this period are 15 for Canucks vs 9 for Blues.

2nd period


0:01 of 2nd period - Nicklas Backstrom wins face-off versus Maxim Afinogenov in neutral zone.
0:08 of 2nd period - Slapshot by David Perron.
0:08 of 2nd period - Shot Misses the Net.
0:10 of 2nd period - Wrist shot by David Perron.
0:10 of 2nd period - Shot Misses the Net.
0:12 of 2nd period - Snap shot by Sergei Shirokov.
0:12 of 2nd period - Stopped by Carey Price without a rebound.
0:13 of 2nd period - Maxim Afinogenov wins face-off versus Nicklas Backstrom in Canucks zone.
0:48 of 2nd period - Slapshot by Alex Pietrangelo.
0:48 of 2nd period - Stopped by Carey Price with a rebound.
0:50 of 2nd period - Snap shot by Guillaume Latendresse.
0:50 of 2nd period - Stopped by Carey Price with a rebound.
1:21 of 2nd period - Off-side.
1:22 of 2nd period - Nicklas Backstrom wins face-off versus Martin St. Louis in neutral zone.
1:40 of 2nd period - Penalty to Alex Tanguay is over, Alex Tanguay is back on ice.
1:41 of 2nd period - Mike Ribeiro is hit by Guillaume Latendresse and loses puck.
1:58 of 2nd period - Slapshot by Lasse Kukkonen.
1:58 of 2nd period - Stopped by Carey Price with a rebound.
2:00 of 2nd period - Wrist shot by Darren Reid.
2:00 of 2nd period - Stopped by Carey Price without a rebound.
2:01 of 2nd period - Matt Stajan wins face-off versus Nicklas Backstrom in Canucks zone.
2:29 of 2nd period - Off-side.
2:30 of 2nd period - Maxim Lapierre wins face-off versus Derek Stepan in neutral zone.
2:55 of 2nd period - Ryan Parent is hit by David Perron.
4:05 of 2nd period - Travis Zajac is hit by Tom Poti.
5:06 of 2nd period - Slapshot by Alex Goligoski.
5:06 of 2nd period - Stopped by Ilya Bryzgalov with a rebound.
5:20 of 2nd period - Wrist shot by Sergei Shirokov.
5:20 of 2nd period - Stopped by Carey Price with a rebound.
5:42 of 2nd period - Snap shot by Darren Reid.
5:42 of 2nd period - Stopped by Carey Price with a rebound.
6:08 of 2nd period - Wrist shot by Clarke MacArthur.
6:08 of 2nd period - Shot Misses the Net.
6:10 of 2nd period - Wrist shot by Matt Stajan.
6:10 of 2nd period - Goal by Matt Stajan - Canucks : 1 - Blues : 1.
6:11 of 2nd period - Sergei Shirokov wins face-off versus Mike Ribeiro in neutral zone.
6:27 of 2nd period - Off-side.
6:28 of 2nd period - Travis Zajac wins face-off versus Clarke MacArthur in neutral zone.
6:35 of 2nd period - Slapshot by Alex Pietrangelo.
6:35 of 2nd period - Stopped by Carey Price with a rebound.
6:37 of 2nd period - Wrist shot by Travis Zajac.
6:37 of 2nd period - Shot Blocked by Ben Lovejoy.
6:39 of 2nd period - Wrist shot by Travis Zajac.
6:39 of 2nd period - Stopped by Carey Price with a rebound.
6:41 of 2nd period - Backhand shot by Bryce Lampman.
6:41 of 2nd period - Shot Misses the Net.
6:43 of 2nd period - Slapshot by Guillaume Latendresse.
6:43 of 2nd period - Shot Misses the Net.
6:45 of 2nd period - Snap shot by Travis Zajac.
6:45 of 2nd period - Stopped by Carey Price without a rebound.
6:46 of 2nd period - Mike Ribeiro wins face-off versus Sergei Shirokov in Canucks zone.
6:46 of 2nd period - Mike Ribeiro is hit by Jake Gardiner.
7:08 of 2nd period - Minor Penalty to Nicklas Backstrom for Cross-checking.
7:09 of 2nd period - Taylor Pyatt wins face-off versus Mike Ribeiro in Blues zone.
7:27 of 2nd period - Minor Penalty to Alex Goligoski for Roughing.
7:28 of 2nd period - Travis Zajac wins face-off versus Maxim Afinogenov in Canucks zone.
7:36 of 2nd period - Snap shot by David Perron.
7:36 of 2nd period - Shot Blocked by Ryan Parent.
7:44 of 2nd period - Snap shot by Alex Pietrangelo.
7:44 of 2nd period - Shot Misses the Net.
8:09 of 2nd period - Icing by Drew Fata.
8:10 of 2nd period - Sergei Shirokov wins face-off versus Martin St. Louis in Blues zone.
8:57 of 2nd period - Ben Lovejoy is hit by Sergei Shirokov.
9:08 of 2nd period - Penalty to Nicklas Backstrom is over, Nicklas Backstrom is back on ice.
9:27 of 2nd period - Penalty to Alex Goligoski is over, Alex Goligoski is back on ice.
9:36 of 2nd period - Off-side.
9:37 of 2nd period - Derek Stepan wins face-off versus Maxim Lapierre in neutral zone.
9:41 of 2nd period - Jake Gardiner is hit by Sami Lepisto and loses puck.
9:49 of 2nd period - Off-side.
9:50 of 2nd period - Matt Stajan wins face-off versus Nicklas Backstrom in neutral zone.
9:52 of 2nd period - Off-side.
9:53 of 2nd period - Matt Stajan wins face-off versus Nicklas Backstrom in neutral zone.
11:19 of 2nd period - Ben Lovejoy is hit by Derek Stepan and loses puck.
11:54 of 2nd period - Snap shot by Guillaume Latendresse.
11:54 of 2nd period - Stopped by Carey Price without a rebound.
11:55 of 2nd period - Maxim Lapierre wins face-off versus Travis Zajac in Canucks zone.
12:08 of 2nd period - Snap shot by Maxim Lapierre.
12:08 of 2nd period - Stopped by Ilya Bryzgalov with a rebound.
12:29 of 2nd period - Snap shot by Jiri Hudler.
12:29 of 2nd period - Shot Misses the Net.
12:39 of 2nd period - Slapshot by Jiri Hudler.
12:39 of 2nd period - Stopped by Ilya Bryzgalov without a rebound.
12:40 of 2nd period - Mike Ribeiro wins face-off versus David Perron in Blues zone.
12:51 of 2nd period - Lasse Kukkonen is hit by Milan Michalek and loses puck.
13:10 of 2nd period - Wrist shot by Derek Stepan.
13:10 of 2nd period - Shot Blocked by Martin St. Louis.
13:28 of 2nd period - Drew Fata is hit by Sami Lepisto and loses puck.
14:40 of 2nd period - Bryce Lampman is hit by Maxim Afinogenov and loses puck.
14:51 of 2nd period - Wrist shot by Jiri Hudler.
14:51 of 2nd period - Stopped by Ilya Bryzgalov with a rebound.
14:53 of 2nd period - Snap shot by Jiri Hudler.
14:53 of 2nd period - Shot Blocked by Bryce Lampman.
15:21 of 2nd period - Wrist shot by Nicklas Backstrom.
15:21 of 2nd period - Shot Misses the Net.
15:30 of 2nd period - Icing by Tom Poti.
15:31 of 2nd period - Nik Antropov wins face-off versus Maxim Lapierre in Canucks zone.
15:32 of 2nd period - Snap shot by Lee Stempniak.
15:32 of 2nd period - Stopped by Carey Price without a rebound.
15:33 of 2nd period - Maxim Lapierre wins face-off versus Nik Antropov in Canucks zone.
15:33 of 2nd period - Maxim Lapierre is hit by Nik Antropov.
15:47 of 2nd period - Slapshot by Jake Gardiner.
15:47 of 2nd period - Stopped by Carey Price with a rebound.
16:03 of 2nd period - Slapshot by David Perron.
16:03 of 2nd period - Stopped by Carey Price with a rebound.
16:25 of 2nd period - Snap shot by Guillaume Latendresse.
16:25 of 2nd period - Shot Misses the Net.
17:01 of 2nd period - Alex Tanguay is hit by Lee Stempniak and loses puck.
17:18 of 2nd period - Taylor Pyatt is hit by Brendon Nash and loses puck.
17:58 of 2nd period - Snap shot by James Neal.
17:58 of 2nd period - Stopped by Carey Price with a rebound.
18:04 of 2nd period - Minor Penalty to Martin St. Louis for Roughing.
18:05 of 2nd period - Maxim Afinogenov wins face-off versus David Perron in Canucks zone.
18:43 of 2nd period - Slapshot by Alex Pietrangelo.
18:43 of 2nd period - Stopped by Carey Price without a rebound.
18:44 of 2nd period - Travis Zajac wins face-off versus Jiri Hudler in Canucks zone.
19:01 of 2nd period - Snap shot by Travis Zajac.
19:01 of 2nd period - Shot Misses the Net.
Goals for this period are 1 for Canucks vs 0 for Blues.
Shots for this period are 5 for Canucks vs 16 for Blues.

3rd period


0:01 of 3rd period - Nicklas Backstrom wins face-off versus Maxim Afinogenov in neutral zone.
0:04 of 3rd period - Penalty to Martin St. Louis is over, Martin St. Louis is back on ice.
0:14 of 3rd period - Snap shot by Nicklas Backstrom.
0:14 of 3rd period - Shot Misses the Net.
0:16 of 3rd period - Snap shot by Sergei Shirokov.
0:16 of 3rd period - Shot Blocked by Alex Goligoski.
0:50 of 3rd period - Slapshot by Derek Stepan.
0:50 of 3rd period - Shot Misses the Net.
0:52 of 3rd period - Snap shot by Alex Pietrangelo.
0:52 of 3rd period - Shot Misses the Net.
0:54 of 3rd period - Slapshot by Alex Pietrangelo.
0:54 of 3rd period - Shot Misses the Net.
0:56 of 3rd period - Snap shot by Darren Reid.
0:56 of 3rd period - Deflect By Martin Hanzal.
0:56 of 3rd period - Stopped by Carey Price without a rebound.
0:57 of 3rd period - Matt Stajan wins face-off versus Nicklas Backstrom in Canucks zone.
0:57 of 3rd period - Matt Stajan is hit by Nicklas Backstrom.
1:07 of 3rd period - Backhand shot by Martin St. Louis.
1:07 of 3rd period - Shot Misses the Net.
1:51 of 3rd period - Sami Lepisto is hit by Lee Stempniak and loses puck.
2:22 of 3rd period - Lasse Kukkonen is hit by Tom Poti.
3:12 of 3rd period - Minor Penalty to Guillaume Latendresse for Roughing.
3:13 of 3rd period - Nik Antropov wins face-off versus Mike Ribeiro in Blues zone.
3:48 of 3rd period - Slapshot by Matt Stajan.
3:48 of 3rd period - Deflect By Clarke MacArthur.
3:48 of 3rd period - Goal by Clarke MacArthur - Canucks : 2 - Blues : 1.
3:49 of 3rd period - Nicklas Backstrom wins face-off versus Mike Ribeiro in neutral zone.
3:52 of 3rd period - Milan Michalek is hit by David Perron and loses puck.
3:59 of 3rd period - Bryce Lampman is hit by Maxim Afinogenov and loses puck.
4:14 of 3rd period - Alex Goligoski is hit by Travis Zajac and loses puck.
4:41 of 3rd period - Martin Hanzal is hit by Derek Stepan and loses puck.
5:04 of 3rd period - Snap shot by Nik Antropov.
5:04 of 3rd period - Shot Misses the Net.
5:12 of 3rd period - Minor Penalty to Taylor Pyatt for Tripping.
5:13 of 3rd period - Nik Antropov wins face-off versus Mike Ribeiro in Blues zone.
6:35 of 3rd period - David Perron is hit by Clarke MacArthur.
7:01 of 3rd period - Ben Lovejoy is hit by Drew Fata and loses puck.
7:12 of 3rd period - Penalty to Taylor Pyatt is over, Taylor Pyatt is back on ice.
7:22 of 3rd period - Snap shot by Paul Kariya.
7:22 of 3rd period - Shot Misses the Net.
7:28 of 3rd period - Jake Gardiner is hit by Maxim Lapierre and loses puck.
7:49 of 3rd period - Minor Penalty to Brendon Nash for Boarding.
7:50 of 3rd period - Maxim Afinogenov wins face-off versus Nicklas Backstrom in Canucks zone.
9:49 of 3rd period - Penalty to Brendon Nash is over, Brendon Nash is back on ice.
10:23 of 3rd period - Slapshot by Paul Kariya.
10:23 of 3rd period - Stopped by Carey Price without a rebound.
10:24 of 3rd period - Derek Stepan wins face-off versus Matt Stajan in Canucks zone.
10:41 of 3rd period - Snap shot by Derek Stepan.
10:41 of 3rd period - Shot Misses the Net.
10:43 of 3rd period - Slapshot by Lasse Kukkonen.
10:43 of 3rd period - Stopped by Carey Price without a rebound.
10:44 of 3rd period - Mike Ribeiro wins face-off versus Travis Zajac in Canucks zone.
10:44 of 3rd period - Mike Ribeiro is hit by Alex Pietrangelo.
11:21 of 3rd period - Clarke MacArthur is hit by Nicklas Backstrom and loses puck.
11:31 of 3rd period - Ben Lovejoy is hit by Lasse Kukkonen and loses puck.
11:34 of 3rd period - Backhand shot by Alex Goligoski.
11:34 of 3rd period - Stopped by Ilya Bryzgalov without a rebound.
11:35 of 3rd period - Travis Zajac wins face-off versus Mike Ribeiro in Blues zone.
11:35 of 3rd period - Travis Zajac is hit by Ryan Parent.
11:38 of 3rd period - Minor Penalty to James Neal for Slashing.
11:39 of 3rd period - Mike Ribeiro wins face-off versus Nik Antropov in Blues zone.
11:45 of 3rd period - Maxim Afinogenov is hit by Nik Antropov and loses puck.
12:04 of 3rd period - Ben Lovejoy is hit by Bryce Lampman and loses puck.
13:13 of 3rd period - Milan Michalek is hit by Sergei Shirokov and loses puck.
13:17 of 3rd period - Icing by Alex Goligoski.
13:18 of 3rd period - Travis Zajac wins face-off versus Mike Ribeiro in Canucks zone.
13:38 of 3rd period - Penalty to James Neal is over, James Neal is back on ice.
13:55 of 3rd period - Snap shot by Jake Gardiner.
13:55 of 3rd period - Stopped by Carey Price with a rebound.
14:30 of 3rd period - Wrist shot by Guillaume Latendresse.
14:30 of 3rd period - Shot Misses the Net.
15:08 of 3rd period - Snap shot by David Perron.
15:08 of 3rd period - Stopped by Carey Price without a rebound.
15:09 of 3rd period - Nicklas Backstrom wins face-off versus Mike Ribeiro in Canucks zone.
15:27 of 3rd period - Minor Penalty to Ben Lovejoy for Slashing.
15:28 of 3rd period - Nicklas Backstrom wins face-off versus Maxim Afinogenov in Canucks zone.
15:40 of 3rd period - Alex Goligoski is hit by Sergei Shirokov and loses puck.
17:10 of 3rd period - Jake Gardiner is hit by Matt Stajan and loses puck.
17:27 of 3rd period - Penalty to Ben Lovejoy is over, Ben Lovejoy is back on ice.
17:39 of 3rd period - Slapshot by Nik Antropov.
17:39 of 3rd period - Shot Misses the Net.
17:41 of 3rd period - Snap shot by Taylor Pyatt.
17:41 of 3rd period - Deflect By Nik Antropov.
17:41 of 3rd period - Stopped by Carey Price without a rebound.
17:42 of 3rd period - Matt Stajan wins face-off versus Nik Antropov in Canucks zone.
17:42 of 3rd period - Matt Stajan is hit by Lee Stempniak.
17:48 of 3rd period - Slapshot by Sami Lepisto.
17:48 of 3rd period - Stopped by Ilya Bryzgalov without a rebound.
17:49 of 3rd period - Matt Stajan wins face-off versus Paul Kariya in Blues zone.
18:15 of 3rd period - Milan Michalek is hit by Sergei Shirokov and loses puck.
18:34 of 3rd period - Snap shot by Sergei Shirokov.
18:34 of 3rd period - Shot Misses the Net.
19:06 of 3rd period - Wrist shot by Maxim Afinogenov.
19:06 of 3rd period - Stopped by Ilya Bryzgalov with a rebound.
19:08 of 3rd period - Wrist shot by Milan Michalek.
19:08 of 3rd period - Stopped by Ilya Bryzgalov without a rebound.
19:09 of 3rd period - Claude Julien call a timeout for Blues.
19:09 of 3rd period - Nicklas Backstrom wins face-off versus Mike Ribeiro in Blues zone.
19:32 of 3rd period - Snap shot by Maxim Afinogenov.
19:32 of 3rd period - Shot Misses the Net.
19:34 of 3rd period - Wrist shot by Mike Ribeiro.
19:34 of 3rd period - Deflect By Maxim Afinogenov.
19:34 of 3rd period - Stopped by Ilya Bryzgalov with a rebound.
19:36 of 3rd period - Slapshot by Mike Ribeiro.
19:36 of 3rd period - Shot Misses the Net.
19:43 of 3rd period - Minor Penalty to Alex Pietrangelo for High sticking.
19:44 of 3rd period - Nik Antropov wins face-off versus Matt Stajan in Blues zone.
Goals for this period are 1 for Canucks vs 0 for Blues.
Shots for this period are 6 for Canucks vs 6 for Blues.